 Dungeon Crawl Stone Soup version 0.30-a0-1074-g5db6f66fbb (webtiles) character file.

Game seed: 118005202319706981

842 Arzdou the Cudgeller (level 8, -12/48 HPs)
             Began as a Gargoyle Fighter on Apr 13, 2023.
             Killed by divine providence
             ... invoked by an orc priest
              (14 damage)
             ... on level 5 of the Dungeon.
             The game lasted 00:10:34 (4599 turns).

Arzdou the Cudgeller (Gargoyle Fighter)             Turns: 4599, Time: 00:10:35

Health: -12/48     AC: 18    Str: 22    XL:     8   Next: 0%
Magic:  8/8        EV: 11    Int:  9    God:
Gold:   228        SH:  5    Dex: 15    Spells: 7/7 levels left

rFire   + . .      SeeInvis .    z - +1 flail (drain)
rCold   . . .      Faith    .    c - +0 buckler
rNeg    + . .      Spirit   .    y - +3 ring mail {rPois}
rPois   ∞          Reflect  .    r - +0 helmet
rElec   +          Rampage  .    q - +0 cloak
rCorr   .                        s - +0 pair of gloves
Will    .....                    (no boots)
Stlth   +                        (no amulet)
HPRegen 0.28/turn                n - +6 ring of dexterity
MPRegen 0.11/turn                v - ring of protection from fire

@: no status effects
A: sickness immunity, AC +5, negative energy resistance 1, electricity
resistance, torment resistance 1, petrification resistance
a: no special abilities


You were on level 5 of the Dungeon.
You visited 1 branch of the dungeon, and saw 5 of its levels.

You collected 228 gold pieces.

Inventory:

Hand Weapons
 a - a +0 flail
 z - a +1 flail of draining (weapon)
Armour
 b - a +0 scale mail
 c - a +0 buckler (worn)
 q - a +0 cloak (worn)
 r - a +0 helmet (worn)
 s - a +0 pair of gloves (worn)
 y - a +3 ring mail of poison resistance (worn)
Jewellery
 n - a +6 ring of dexterity (left hand)
 u - an amulet of guardian spirit
 v - a ring of protection from fire (right hand)
Wands
 l - a wand of paralysis (1)
Scrolls
 f - a scroll of blinking {unknown}
 h - 4 scrolls of identify {unknown}
 j - 2 scrolls of poison
 m - 2 scrolls of enchant armour {unknown}
 p - a scroll of enchant weapon {unknown}
 t - a scroll of summoning {unknown}
 w - a scroll of fog {unknown}
 x - 2 scrolls of teleportation {unknown}
 A - a scroll of vulnerability {unknown}
Potions
 d - a potion of might
 e - 3 potions of lignification {unknown}
 g - a potion of curing {unknown}
 i - 3 potions of flight {unknown}
 k - 2 potions of heal wounds
 o - a potion of mutation {unknown}


   Skills:
 + Level 4.8 Fighting
 + Level 6.0 Maces & Flails
 + Level 5.4 Armour
 + Level 1.8 Dodging
 + Level 0.5 Stealth
 + Level 4.7 Shields
 + Level 0.2 Unarmed Combat


You had 7 spell levels left.
You didn't know any spells.
Your spell library contained the following spells:

 Spells                   Type           Power      Damage    Failure   Level
 Magic Dart               Conj           0%         1d3       63%         1
 Ensorcelled Hibernation  Hex/Ice        0%         N/A       77%         2
 Searing Ray              Conj           0%         2d4       77%         2
 Spider Form              Tmut/Pois      0%         N/A       94%         3
 Anguish                  Hex/Necr       0%         N/A       100%        4
 Fulminant Prism          Conj/Hex       0%         3d5       100%        4


Dungeon Overview and Level Annotations

Branches:
Dungeon (5/15)             Temple (0/1) D:4

Altars:
Ashenzari
Vehumet


Innate Abilities, Weirdness & Mutations

You are immune to sickness and miasma.
Your stone body is resilient. (AC +5)
You are immune to poison.
You resist negative energy. (rN+)
You are resistant to electric shocks. (rElec)
You are resistant to unholy torment.
You are immune to petrification.


Message History

Beogh smites you!
You hit the orc priest but do no damage.
The orc priest closely misses you.
You barely miss the orc priest. The orc priest closely misses you.
You closely miss the orc. You barely miss the orc. You block the orc's attack.
You closely miss the orc. The orc hits you but does no damage.
You closely miss the orc. The orc barely misses you.
You thump the orc!
You kill the orc!
The orc priest invokes the aid of Beogh against you.
Beogh smites you!
Your Maces & Flails skill increases to level 6!
You hit the orc priest.
The orc priest is heavily wounded.
The orc priest hits you but does no damage.
You hit the orc priest. You drain the orc priest.
The orc priest is severely wounded.
An orc comes into view. It is wielding a +0 dagger.
The orc priest barely misses you.
The orc priest invokes the aid of Beogh against you.
Beogh smites you!
* * * LOW HITPOINT WARNING * * *
The orc priest closely misses you.
The air fills with toxic fumes!
As you read the scroll labelled MAIRUE GIHU, it crumbles to dust.
It was a scroll of poison.
The orc priest invokes the aid of Beogh against you.
You struggle to resist.
The orc priest attacks as you move away!
The orc priest hits you but does no damage.
The orc priest attacks as you move away!
The orc priest hits you with a +0 dagger.
* * * LOW HITPOINT WARNING * * *
The orc priest calls down the wrath of Beogh upon you.
Pain shoots through your body!
* * * LOW HITPOINT WARNING * * *
The orc priest invokes the aid of Beogh against you.
Beogh smites you!
You die...

. ...o########
.o.oo.....o# #
.#########o# # #o# #
####§#### # ##+##
#..§§§..# # ##...##
#.§§@§§.#
####.....####§#§§§§§#
............§.§#§§§§#
##.........§)#§§§§§§#
.'........§..§§§§§§§§.
##........#.....#...#.#
##....................#
##.#...#.....#.....#..#
...##................


You could see 2 orc priests and an orc.

Vanquished Creatures
  Sigmund (D:2)
  Edmund (D:4)
  4 scorpions
  Crazy Yiuf (D:3)
  Ijyb (D:3)
  Natasha (D:2)
  An iguana (D:5)
  An orc wizard (D:5)
  Robin (D:3)
  3 gnolls (D:3)
  7 adders
  An ufetubus (D:3)
  5 worms (D:2)
  4 dart slugs
  9 orcs
  8 ball pythons
  6 endoplasms
  10 goblins
  6 hobgoblins
  2 jackals (D:3)
  4 quokkas
  3 bats
  8 frilled lizards
  6 kobolds
  7 rats
101 creatures vanquished.

Vanquished Creatures (others)
  A quokka (D:4)
  22 plants (D:2)
23 creatures vanquished.

Grand Total: 124 creatures vanquished

Notes
Turn   | Place    | Note
-------+----------+-------------------------------------------
     0 | D:1      | Arzdou the Gargoyle Fighter began the quest for the Orb.
     0 | D:1      | Reached XP level 1. HP: 14/14 MP: 1/1
   194 | D:1      | Reached XP level 2. HP: 19/19 MP: 2/2
   374 | D:1      | Reached XP level 3. HP: 23/23 MP: 3/3
   642 | D:2      | Found a faded altar of an unknown god.
   726 | D:2      | Reached XP level 4. HP: 22/29 MP: 4/4
   852 | D:2      | Noticed Sigmund
   888 | D:3      | Found a broken altar of Ashenzari.
  1030 | D:3      | Reached skill level 3 in Maces & Flails
  1119 | D:3      | Noticed Ijyb
  1124 | D:3      | Paralysed by Ijyb for 4 turns
  1137 | D:3      | Paralysed by Ijyb for 2 turns
  1144 | D:3      | Paralysed by Ijyb for 3 turns
  1149 | D:3      | Paralysed by Ijyb for 3 turns
  1154 | D:3      | Killed Ijyb
  1284 | D:3      | Reached XP level 5. HP: 28/33 MP: 5/5
  1660 | D:3      | Reached skill level 4 in Maces & Flails
  1707 | D:3      | Found a runed translucent door.
  1708 | D:3      | Noticed Crazy Yiuf
  1718 | D:3      | Killed Crazy Yiuf
  1891 | D:3      | Noticed Robin
  2032 | D:4      | Found a radiant altar of Vehumet.
  2048 | D:3      | Reached skill level 1 in Dodging
  2057 | D:3      | Killed Robin
  2058 | D:3      | Reached XP level 6. HP: 35/38 MP: 6/6
  2579 | D:4      | Noticed Edmund
  2698 | D:2      | Killed Sigmund
  2699 | D:2      | Reached XP level 7. HP: 31/43 MP: 7/7
  2946 | D:2      | Reached skill level 5 in Maces & Flails
  2995 | D:2      | Noticed Natasha
  3004 | D:2      | Killed Natasha
  3846 | D:4      | Killed Edmund
  3847 | D:4      | Reached skill level 5 in Armour
  4122 | D:4      | Found a staircase to the Ecumenical Temple.
  4375 | D:5      | Entered Level 5 of the Dungeon
  4528 | D:5      | Reached XP level 8. HP: 48/48 MP: 8/8
  4594 | D:5      | Reached skill level 6 in Maces & Flails
  4598 | D:5      | HP: 1/48 [orc priest/nerve-wracking pain (2)]
  4599 | D:5      | Killed from afar by an orc priest

Illustrated notes

Levels and vault maps discovered:
D:1:      elethiomel_arrival_quiet, layout_rooms, minmay_misc_feat_encased
D:2:      layout_basic, ebering_ecumenical_altar_hall, serial_bayou,
          serial_bayou_lake_a, serial_bayou_crossing, serial_bayou_pond_b,
          serial_bayou_pond_e, minmay_misc_feat_five, minmay_shallow_snake_nest,
          uniq_sigmund, uniq_natasha
D:3:      layout_basic, ashenzari_conservatory_becter,
          minmay_misc_feat_more_columns, uniq_crazy_yiuf_cottage, uniq_robin,
          uniq_ijyb
D:4:      layout_loops_ring, fiery_altar_vehumet,
          minmay_temple_entry_from_below_a, kennysheep_flooded_box, uniq_edmund
D:5:      layout_loops_corners, old_standard_altar,
          cheibrodos_sewer_entry_drain, kennysheep_doodads,
          kennysheep_cross_room

Skill      XL: |  1  2  3  4  5  6  7  8 |
---------------+-------------------------+-----
Maces & Flails | 3 4 5 6 |  6.0
Shields        | 4 |  4.7
Fighting       | 4 |  4.8
Armour         | 4 5 |  5.4
Dodging        | 1 |  1.8
Stealth        | |  0.5
Unarmed Combat | |  0.2

Action                     |  1- 3 |  4- 6 |  7- 9 || total
---------------------------+-------+-------+-------++-------
  Melee: Flail             |   110 |   166 |   123 ||   399
         Unarmed           |       |       |     5 ||     5
    Use: Scroll            |       |       |     1 ||     1
 Armour: Scale mail        |    54 |   107 |    16 ||   177
         Ring mail         |       |       |    19 ||    19
         Skin              |       |       |    15 ||    15
  Dodge: Dodged            |    61 |    78 |    32 ||   171
  Block: Buckler           |    31 |    45 |    33 ||   109

Table legend: (Time is in decaauts)
 A = Elapsed time spent in this place.
 B = Non-inter-level travel time spent in this place.
 C = Inter-level travel time spent in this place.
 D = Time resting spent in this place.
 E = Time spent auto-exploring this place.
 F = Levels seen in this place.
 G = Mean time per level.
                   A        B        C        D        E       F      G
               +--------+--------+--------+--------+--------+-----+--------+
         Total |   4756 |   4593 |    163 |      0 |   3100 |   5 |  951.2 |
       Dungeon |   4756 |   4593 |    163 |      0 |   3100 |   5 |  951.2 |
               +--------+--------+--------+--------+--------+-----+--------+

Top non-repeatable levels by time:
     D:3: 1562 daAuts
     D:2: 1368 daAuts
     D:4: 1022 daAuts
     D:1: 584 daAuts
     D:5: 219 daAuts
